 Dungeon Crawl Stone Soup version 0.29.0-13-gc9e81de378 (webtiles) character file.

Game seed: 975408218575515053

28 Malachi the Trooper (level 3, 0/20 HPs)
             Began as a Vine Stalker Berserker on Sept 7, 2022.
             Was a Follower of Trog.
             Succumbed to an adder's poison
             ... on level 2 of the Dungeon.
             The game lasted 00:00:50 (1480 turns).

Malachi the Trooper (Vine Stalker Berserker)        Turns: 1480, Time: 00:00:51

Health: 0/20       AC:  2    Str: 21    XL:     3   Next: 12%
Magic:  0/4        EV: 12    Int:  7    God:    Trog [*.....]
Gold:   41         SH:  0    Dex: 13    Spells: 2/2 levels left

rFire   . . .      SeeInvis .   a - +0 hand axe
rCold   . . .      Faith    .   (no shield)
rNeg    . . .      Spirit   +   b - +0 animal skin
rPois   .          Reflect  .   (no helmet)
rElec   .          Harm     .   (no cloak)
rCorr   .          Rampage  .   (no gloves)
Will    .....                   (no boots)
Stlth   +.........              (no amulet)
HPRegen 0.06/turn               (no ring)
MPRegen 0.09/turn               (no ring)

@: lethally poisoned (0 -> -7)
A: fangs 2, magic shield, antimagic bite, no potion heal 2
a: Renounce Religion, Berserk


You were on level 2 of the Dungeon.
You worshipped Trog.
Trog was aware of your devotion.
You visited 1 branch of the dungeon, and saw 2 of its levels.

You collected 41 gold pieces.

Inventory:

Hand Weapons
 a - a +0 hand axe (weapon)
Armour
 b - a +0 animal skin (worn)
Jewellery
 f - a +6 ring of intelligence
Scrolls
 d - 2 scrolls of butterflies {unknown}
 g - 3 scrolls of identify {unknown}
 h - a scroll of immolation {unknown}
 j - a scroll of brand weapon {unknown}
Potions
 c - a potion of lignification {unknown}
 e - a potion of might {unknown}
 i - a potion of attraction {unknown}


   Skills:
 + Level 3.0 Fighting
 + Level 3.0 Axes
 + Level 2.0 Armour
 + Level 2.0 Dodging


You had 2 spell levels left.
You didn't know any spells.
Your spell library was empty.

Dungeon Overview and Level Annotations

Branches:
Dungeon (2/15)

Altars:

Shops:
D:1 !


Innate Abilities, Weirdness & Mutations

You have extremely sharp teeth.
When hurt, damage is shared between your health and your magic reserves.
Your bite disrupts and absorbs the magic of your enemies.
Potions cannot restore your health.


Message History

The helpless adder fails to defend itself.
You hit the adder.
The adder is moderately wounded.
The adder misses you. The adder bites you.
You barely miss the adder.
The adder is lightly wounded.
The adder bites you.
You miss the adder.
The adder is lightly wounded.
The adder bites you.
You are poisoned.
The adder poisons you! The rat closely misses you.
You hit the adder. Your bite misses the adder.
The adder is moderately wounded.
You hit the rat.
You kill the rat!
Trog accepts your kill.
You feel sick. The adder bites you. x2
You hit the adder.
The adder is severely wounded.
You feel sick. The adder closely misses you.
You hit the adder but do no damage. Your bite misses the adder.
The adder is severely wounded.
You hit the hobgoblin but do no damage.
You feel sick. The adder bites you. The hobgoblin hits you.
The adder bites you.
* * * LOW HITPOINT WARNING * * *
You are too injured to fight recklessly!
You are too injured to fight recklessly!
You are too injured to fight recklessly!
You are too injured to fight recklessly!
The adder attacks as you move away! The adder misses you.
You feel sick.
You feel sick.
You feel sick.
You are no longer poisoned.
The adder bites you.
* * * LOW HITPOINT WARNING * * *
You are lethally poisoned!
The adder poisons you! The adder attacks as you move away!
The adder closely misses you.
You die...

#### ###
####... ..#
....... #.#
.......##.#
........#@#
........#.#
........#S#
........g.##
...........#
##########.#
#.# #.#
####.####


You could see an adder and a hobgoblin.

Vanquished Creatures
  An adder (D:2)
  A dart slug (D:2)
  3 endoplasms
  2 goblins (D:1)
  A hobgoblin (D:1)
  2 quokkas
  2 ball pythons
  3 kobolds (D:1)
  2 rats
17 creatures vanquished.

Notes
Turn   | Place    | Note
-------+----------+-------------------------------------------
     0 | D:1      | Malachi the Vine Stalker Berserker began the quest for the
                  | Orb.
     0 | D:1      | Reached XP level 1. HP: 11/11 MP: 2/2
   333 | D:1      | Reached XP level 2. HP: 13/16 MP: 3/3
   402 | D:1      | Found Finn's Distillery.
  1166 | D:2      | Reached XP level 3. HP: 5/20 MP: 2/4
  1479 | D:2      | HP: 1/20 [adder (1)]
  1480 | D:2      | Succumbed to an adder's poison

Illustrated notes

Levels and vault maps discovered:
D:1:      tarquinn_simple_flora_water_f, layout_basic, serial_shops,
          nicolae_shop_crystal, serial_co_window_serial, co_window_cross_1,
          co_window_corner_a, co_window_cross_1, co_window_paths_b,
          co_window_corner_a, co_window_broadway_b, co_window_corner_cb,
          co_window_of_opportunity_b, glass_columns_b, glass_columns_b,
          glass_columns_c, glass_columns_c, glass_columns_a
D:2:      layout_loops_cross, grunt_ministairs_7

Skill      XL: |  1  2  3 |
---------------+----------+-----
Fighting       | 3 |  3.0
Armour         | 2 |  2.0
Axes           | 3 |  3.0
Dodging        | 2 |  2.0

Action                   || total
-------------------------++-------
Melee: Hand axe          ||    50
       Bite              ||     6
 Stab: Sleeping          ||     1
Armor: Animal skin       ||     4
Dodge: Dodged            ||    26
